 Dungeon Crawl Stone Soup version 0.22.0-60-ga52c2fc (webtiles) character file.

63 Merlin the Slasher (level 4, -5/32 HPs)
             Began as a Gnoll Wanderer on Sept 10, 2018.
             Slain by Sigmund
             ... wielding a +0 scythe
              (11 damage)
             ... on level 2 of the Dungeon.
             The game lasted 00:07:00 (1434 turns).

Merlin the Slasher (Gnoll Wanderer)                 Turns: 1434, Time: 00:07:00

Health: -5/32      AC:  3    Str: 14    XL:     4   Next: 9%
Magic:  11/11      EV: 13    Int: 17    God:
Gold:   61         SH:  0    Dex: 13    Spells: 9/13 levels left

rFire    . . .     SeeInvis .   a - +3 falchion
rCold    . . .     Gourm    .   (no shield)
rNeg     . . .     Faith    .   d - +0 robe
rPois    .         Spirit   .   g - +1 hat
rElec    .         Reflect  .   (no cloak)
rCorr    .         Harm     .   (no gloves)
MR       .....                  (no boots)
Stlth    +.........             (no amulet)
HPRegen  0.10/turn              (no ring)
MPRegen  0.12/turn              (no ring)

@: confused, lethally poisoned (-5 -> -8)
A: distributed training, fangs 1, strong nose
a: no special abilities


You were on level 2 of the Dungeon.
You were not hungry.

You visited 1 branch of the dungeon, and saw 2 of its levels.

You collected 61 gold pieces.

Inventory:

Hand Weapons
 a - a +3 falchion (weapon)
Armour
 d - a +0 robe (worn)
 g - a +1 hat (worn)
Wands
 c - a wand of random effects (15)
Scrolls
 e - 2 scrolls of identify
 h - a scroll of remove curse {unknown}
 k - a scroll of enchant armour {unknown}
Potions
 b - a potion of curing
 i - a potion of lignification
Comestibles
 f - 3 rations


   Skills:
 + Level 1.0 Fighting
 + Level 1.0 Short Blades
 + Level 6.5 Long Blades
 + Level 1.0 Axes
 + Level 1.0 Maces & Flails
 + Level 1.0 Polearms
 + Level 1.0 Staves
 + Level 1.0 Slings
 + Level 1.0 Bows
 + Level 1.0 Crossbows
 + Level 1.0 Throwing
 + Level 1.0 Armour
 + Level 2.7 Dodging
 + Level 4.2 Stealth
 + Level 1.0 Shields
 + Level 1.0 Unarmed Combat
 + Level 5.0 Spellcasting
 + Level 0.7 Conjurations
 + Level 0.7 Hexes
 + Level 0.7 Charms
 + Level 0.7 Summonings
 + Level 0.7 Necromancy
 + Level 0.7 Translocations
 + Level 2.2 Transmutations
 + Level 0.7 Fire Magic
 + Level 0.7 Ice Magic
 + Level 0.7 Air Magic
 + Level 0.7 Earth Magic
 + Level 0.7 Poison Magic
 + Level 1.1 Invocations
 + Level 2.7 Evocations


You had 9 spell levels left.
You knew the following spells:

 Your Spells              Type           Power        Failure   Level  Hunger
a - Poisonous Vapours     Pois/Air       #.....       16%         2    #......
b - Swiftness             Chrm/Air       #.......     16%         2    #......

Your spell library contained the following spells:

 Spells                   Type           Power        Failure   Level  Hunger


Dungeon Overview and Level Annotations

Branches:
Dungeon (2/15)

Altars:
Dithmenos

Annotations:
D:2 Robin, Sigmund


Innate Abilities, Weirdness & Mutations

Your experience applies equally to all skills.
You have very sharp teeth.
Your uncanny sense of smell can sniff out nearby items.


Message History

As you read the scroll labeled HAUVADW WUSATA, it crumbles to dust.
It is a scroll of enchant weapon.
Your +2 falchion glows red for a moment.
You hear some strange, mumbled words.
You are confused.
Robin roars a battlecry!
You hear a shout! x2
You're too confused!
You're too confused!
You feel sick.
You hear a shout! x3
Something hits you!
* * * LOW HITPOINT WARNING * * *
You bump into the rock wall.
Something hits you.
* * * LOW HITPOINT WARNING * * *
You bump into the rock wall.
Robin roars a battlecry!
You hear a shout! x3
You bump into the rock wall.
Something hits you!
You die...

#.#..# ∆#
########.#.## g.
............##
..#
####.......#..
#.#.#..#.#
#.#g#....##.#
#.#.#........
#.#.##....###
#.#@# .###.#
#.#.# .# ...
#.#)# .# ## ..
#.#.....#
#..#.###
#.######.#
#........#####.#
#.#
#...........##.#
#.#
...#####.......#
#.#
............<..#
#.#


You could see Robin.

Vanquished Creatures
  An adder (D:2)
  An ooze (D:1)
  A worm (D:2)
  A dart slug (D:1)
  2 leopard geckos
  6 bats (D:1)
  A giant cockroach (D:1)
  7 goblins (D:1)
  3 hobgoblins (D:1)
  3 jackals (D:1)
  7 kobolds
  2 frilled lizards
  6 rats
41 creatures vanquished.

Notes
Turn   | Place    | Note
-------+----------+-------------------------------------------
     0 | D:1      | Merlin the Gnoll Wanderer began the quest for the Orb.
     0 | D:1      | Merlin set off with: a +2 falchion, a wand of random
                  | effects (15), a +0 robe, a +0 dagger, a ration
     0 | D:1      | Reached XP level 1. HP: 13/13 MP: 6/6
    67 | D:1      | Reached XP level 2. HP: 17/19 MP: 7/7
   672 | D:1      | Reached XP level 3. HP: 25/25 MP: 9/9
   780 | D:1      | Learned a level 2 spell: Poisonous Vapours
   783 | D:1      | Learned a level 2 spell: Swiftness
   793 | D:1      | Reached skill level 5 in Spellcasting
   966 | D:1      | Reached skill level 1 in Invocations
  1300 | D:2      | Found a shadowy altar of Dithmenos.
  1409 | D:2      | Noticed Sigmund
  1419 | D:2      | Reached skill level 1 in Fighting
  1419 | D:2      | Reached skill level 1 in Short Blades
  1419 | D:2      | Reached skill level 1 in Axes
  1419 | D:2      | Reached skill level 1 in Maces & Flails
  1419 | D:2      | Reached skill level 1 in Polearms
  1419 | D:2      | Reached skill level 1 in Staves
  1419 | D:2      | Reached skill level 1 in Slings
  1419 | D:2      | Reached skill level 1 in Bows
  1419 | D:2      | Reached skill level 1 in Crossbows
  1419 | D:2      | Reached skill level 1 in Throwing
  1419 | D:2      | Reached skill level 1 in Armour
  1419 | D:2      | Reached skill level 1 in Shields
  1419 | D:2      | Reached skill level 1 in Unarmed Combat
  1425 | D:2      | Noticed Robin
  1426 | D:2      | Reached XP level 4. HP: 20/32 MP: 11/11
  1434 | D:2      | Slain by Sigmund

Skill      XL: |  1  2  3 |
---------------+----------+-----
Transmutations | 2 |  2.2
Spellcasting   | 5 |  5.0
Invocations    | 1 |  1.1
Fighting       | 1 |  1.0
Short Blades   | 1 |  1.0
Axes           | 1 |  1.0
Maces & Flails | 1 |  1.0
Polearms       | 1 |  1.0
Staves         | 1 |  1.0
Slings         | 1 |  1.0
Bows           | 1 |  1.0
Crossbows      | 1 |  1.0
Throwing       | 1 |  1.0
Armour         | 1 |  1.0
Shields        | 1 |  1.0
Unarmed Combat | 1 |  1.0
Long Blades    | |  6.5
Dodging        | |  2.7
Stealth        | |  4.2
Conjurations   | |  0.7
Hexes          | |  0.7
Charms         | |  0.7
Summonings     | |  0.7
Necromancy     | |  0.7
Translocations | |  0.7
Fire Magic     | |  0.7
Ice Magic      | |  0.7
Air Magic      | |  0.7
Earth Magic    | |  0.7
Poison Magic   | |  0.7
Evocations     | |  2.7

Action                   |  1- 3 |  4- 6 || total
-------------------------+-------+-------++-------
Melee: Falchion          |   101 |       ||   101
       Bite              |    10 |       ||    10
       Punch             |     1 |       ||     1
  Use: Scroll            |     3 |     1 ||     4
 Stab: Sleeping          |     6 |       ||     6
  Eat: Chunk             |     2 |       ||     2
Armor: Robe              |    21 |       ||    21
Dodge: Dodged            |    70 |       ||    70
       Rpst.: Falchion   |    14 |       ||    14
